 Dungeon Crawl Stone Soup version 0.32-a0-975-g85d4e5bfdb (webtiles) character file.

Game seed: 2039543731465270793

172 ezpacito the Trooper (level 5, -4/36 (41) HPs)
             Began as a Coglin Chaos Knight on Apr 19, 2024.
             Was a Plaything of Xom.
             Succumbed to Terence's poison
             ... on level 3 of the Dungeon.
             The game lasted 00:02:06 (1716 turns).

ezpacito the Trooper (Coglin Chaos Knight)          Turns: 1716, Time: 00:02:07

HP:   -4/36 (41)    AC: 15    Str: 14    XL:     5   Next: 52%
MP:   6/6           EV: 10    Int: 11    God:    Xom [......]
Gold: 83            SH:  0    Dex: 14    Spells: 6/6 levels left

rFire   . . .        a - +0 hand axe (chaos) {Prani}
rCold   . . .        c - +1 falchion (protect) {Carlos}
rNeg    . . .        e - +3 ring mail
rPois   .            (no helmet)
rElec   .            (no cloak)
rCorr   .            (no gloves)
SInv    .            (no boots)
Will    +....        (amulet unavailable)
Stlth   +            (ring unavailable)
HPRegen 0.26/turn    (ring unavailable)
MPRegen 0.10/turn    (no gizmo)

%: no passive effects
@: lethally poisoned (-4 -> -32), under a protective aura, enlightened, flying,
heavily drained, invisible, revved
A: off-hand wielding, slow wielding, warmup strikes, no jewellery
a: Invent Gizmo, Renounce Religion


You were on level 3 of the Dungeon.
You worshipped Xom.
You were a very special plaything of Xom.
You visited 1 branch of the dungeon, and saw 3 of its levels.

You collected 83 gold pieces.

Inventory:

Hand Weapons
 a - a +0 hand axe of chaos (weapon) {Prani}
 c - a +1 falchion of protection (offhand) {Carlos}
Armour
 e - a +3 ring mail (worn)
Scrolls
 g - a scroll of fear
 l - 2 scrolls of amnesia {unknown}
 t - a scroll of teleportation
Potions
 i - a potion of brilliance {unknown}
 k - a potion of might {unknown}


   Skills:
 * Level 3.6 Fighting
 * Level 3.5(3.8) Axes
 * Level 1.4(2.5) Polearms
 + Level 0.5 Throwing
 * Level 2.6 Armour
 * Level 1.8 Dodging
 + Level 1.0 Stealth
 + Level 1.0 Spellcasting


You had 6 spell levels left.
You didn't know any spells.
Your spell library was empty.

Dungeon Overview and Level Annotations

Branches:
Dungeon (3/15)

Altars:
Wu Jian

Shops:
D:3 (

Annotations:
D:3 Terence


Innate Abilities, Weirdness & Mutations

You can wield a second weapon in your off-hand.
It takes a long time for you to wield or remove held weapons.
Your first few attacks do less damage.
You cannot equip rings or amulets.


Message History

Terence misses you.
You take 4 damage, and have 21/36 hp.
It was a potion of heal wounds.
You feel much better.
You feel very sick. Terence hits you but does no damage.
You are more poisoned.
You regained 11 hp, and now have 32/36 hp.
You hit Terence with your +1 falchion of protection.
Your weapon exudes an aura of protection.
Terence is severely wounded.
You closely miss Terence with your +0 hand axe of chaos.
You feel very sick. Terence hits you but does no damage.
You are more poisoned.
You take 4 damage, and have 28/36 hp.
You catch the helpless Terence completely off-guard!
You hit Terence but do no damage.
Terence is severely wounded.
You hit Terence but do no damage.
You feel very sick.
Terence hits you with a +4 trident of venom!
You are lethally poisoned!
You take 13 damage, and have 15/36 hp.
MASSIVE DAMAGE!!
You hit Terence with your +1 falchion of protection.
Terence is severely wounded.
You barely miss Terence with your +0 hand axe of chaos.
You hit the giant cockroach with your +0 hand axe of chaos.
* * * LOW HITPOINT WARNING * * *
You feel extremely sick. Terence misses you.
The giant cockroach closely misses you.
Terence hits you with a +4 trident of venom.
* * * LOW HITPOINT WARNING * * *
You are more poisoned.
You take 12 damage, and have 3/36 hp.
MASSIVE DAMAGE!!
You hit Terence with your +1 falchion of protection.
Terence is almost dead.
You hit Terence but do no damage.
You hit the giant cockroach but do no damage.
You die...
Xom is highly amused!

####.###........#
#.# #........#
######+###........#
...............∩..#
..................#
..................#
................###
.......B....#...#
.......@@.<.#...#
.......####..####
.....(# #### ....(.
...(. ..... ....
...B


You could see Terence (unable to see you, poisoned) and a giant cockroach
(unable to see you).

Vanquished Creatures
  A howler monkey (D:1)
  An orc priest (D:2)
  2 adders
  5 dart slugs
  2 orcs (D:2)
  7 ball pythons
  7 bats
  5 endoplasms
  4 giant cockroaches
  6 goblins
  7 hobgoblins
  6 jackals (D:2)
  4 kobolds
  3 quokkas (D:1)
  6 rats
66 creatures vanquished.

Notes
Turn   | Place    | Note
-------+----------+-------------------------------------------
     0 | D:1      | ezpacito the Coglin Chaos Knight began the quest for the
                  | Orb.
     0 | D:1      | Reached XP level 1. HP: 18/18 MP: 1/1
    71 | D:1      | Reached skill level 1 in Dodging
    74 | D:1      | Reached XP level 2. HP: 24/24 MP: 2/2
   161 | D:1      | XOM: silly message
   164 | D:1      | a giant cockroach changed into a howler monkey
   164 | D:1      | Noticed a howler monkey
   167 | D:1      | Killed a howler monkey
   168 | D:1      | Reached XP level 3. HP: 29/29 MP: 3/3
   213 | D:1      | Reached XP level 4. HP: 30/35 MP: 4/4
   268 | D:1      | XOM: divination: magic mapping
   289 | D:1      | Reached skill level 1 in Polearms
   392 | D:1      | Found a faded altar of an unknown god.
   684 | D:2      | Reached skill level 1 in Spellcasting
   687 | D:2      | Reached XP level 5. HP: 36/41 MP: 6/6
   969 | D:2      | Found an ornate altar of the Wu Jian Council.
  1316 | D:2      | XOM: draining
  1548 | D:2      | XOM: summons 3 hostile demons
  1549 | D:2      | Noticed a soul eater
  1549 | D:2      | Noticed a smoke demon
  1663 | D:3      | Reached skill level 1 in Stealth
  1677 | D:3      | Found Yvyggec's Weapon Shop.
  1698 | D:3      | Noticed Terence
  1716 | D:3      | Succumbed to Terence's poison

Illustrated notes

Levels and vault maps discovered:
D:1:      dpeg_arrival_pits, layout_rooms, shapermc_ecumenical_altar_venn
D:2:      cheibrodos_pilgrimage, layout_basic, serial_glass, glass_columns_a,
          glass_columns_a, basic_altar
D:3:      minmay_octagon_keep, layout_basic, mainiacjoe_overflow_alcove_2,
          gup_sewer_entry_bubbles, serial_shops, shop, uniq_terence

Skill      XL: |  1  2  3  4  5 |
---------------+----------------+-----
Dodging        | 1 |  1.8
Armour         | 2 |  2.6
Polearms       | 1 |  1.4
Spellcasting   | 1 |  1.0
Stealth        | 1 |  1.0
Fighting       | |  3.6
Axes           | |  3.5
Throwing       | |  0.5

Action                     |  1- 3 |  4- 6 || total
---------------------------+-------+-------++-------
  Melee: Hand axe          |    27 |   105 ||   132
         Dagger            |    24 |    89 ||   113
         Falchion          |       |    10 ||    10
  Throw: Dart              |       |     4 ||     4
    Use: Potion            |       |     5 ||     5
         Scroll            |       |     4 ||     4
   Stab: Invisible         |       |     1 ||     1
 Armour: Leather armour    |     3 |       ||     3
         Ring mail         |    21 |    74 ||    95
  Dodge: Dodged            |    15 |    76 ||    91

Table legend: (Time is in decaauts)
 A = Elapsed time spent in this place.
 B = Non-inter-level travel time spent in this place.
 C = Inter-level travel time spent in this place.
 D = Time resting spent in this place.
 E = Time spent auto-exploring this place.
 F = Levels seen in this place.
 G = Mean time per level.
                   A        B        C        D        E       F      G
               +--------+--------+--------+--------+--------+-----+--------+
         Total |   1725 |   1584 |    141 |      0 |   1198 |   3 |  575.0 |
       Dungeon |   1725 |   1584 |    141 |      0 |   1198 |   3 |  575.0 |
               +--------+--------+--------+--------+--------+-----+--------+

Top non-repeatable levels by time:
     D:2: 976 daAuts
     D:1: 651 daAuts
     D:3: 97 daAuts
